 Dungeon Crawl Stone Soup version 0.30-a0-924-g0ad0bf95bc (webtiles) character file.

Game seed: 17408559701751561696

308 Twinkles the Chopper (level 6, -1/52 HPs)
             Began as a Hill Orc Reaver on Mar 23, 2023.
             Was a Priest of Sif Muna.
             Slain by an iguana (7 damage)
             ... on level 4 of the Dungeon.
             The game lasted 00:14:14 (3526 turns).

Twinkles the Chopper (Hill Orc Reaver)              Turns: 3526, Time: 00:14:14

Health: -1/52      AC: 11    Str: 17    XL:     6   Next: 40%
Magic:  8/8        EV:  5    Int: 13    God:    Sif Muna [***...]
Gold:   174        SH:  7    Dex:  9    Spells: 7/8 levels left

rFire   . . .      SeeInvis .    b - +2 sling (drain)
rCold   . . .      Faith    .    c - +0 kite shield
rNeg    . . .      Spirit   .    e - +0 chain mail
rPois   .          Reflect  .    (no helmet)
rElec   .          Rampage  .    (no cloak)
rCorr   .                        n - +1 pair of gloves
Will    .....                    (no boots) Stlth
                                 (no amulet)
HPRegen 0.28/turn                (no ring)
MPRegen 0.11/turn                (no ring)

@: weak-willed
A: no striking features
a: Renounce Religion, Channel Magic, Forget Spell


You were on level 4 of the Dungeon.
You worshipped Sif Muna.
Sif Muna was most pleased with you.
You visited 1 branch of the dungeon, and saw 4 of its levels.
You also visited: Sewer.

You collected 174 gold pieces.

Inventory:

Hand Weapons
 a - a +0 hand axe
 b - a +2 sling of draining (weapon)
 o - a +0 morningstar
 t - a +4 short sword of speed
Missiles
 g - 13 poisoned darts
 m - a throwing net
 r - 3 boomerangs
Armour
 c - a +0 kite shield (worn)
 d - a +0 ring mail
 e - a +0 chain mail (worn)
 n - a +1 pair of gloves (worn)
 s - a +0 leather armour
Wands
 i - a wand of iceblast (9)
Scrolls
 h - a scroll of enchant weapon
 l - a scroll of enchant armour
 F - a scroll of fog
Potions
 f - a potion of degeneration
 k - a potion of resistance {unknown}
 p - a potion of lignification {unknown}
 I - 2 potions of invisibility
 J - 3 potions of curing
 L - 2 potions of flight
 M - a potion of might


   Skills:
 + Level 4.0 Fighting
 * Level 6.5 Axes
 + Level 2.5 Armour
 - Level 1.5 Dodging
 + Level 2.2 Shields
 - Level 1.5 Spellcasting
 - Level 3.0 Conjurations
 + Level 2.2 Invocations


You had 7 spell levels left.
You knew the following spells:

 Your Spells              Type           Power      Damage    Failure   Level
a - Kiss of Death         Conj/Necr      16%        2d6       100%        1

Your spell library contained the following spells:

 Spells                   Type           Power      Damage    Failure   Level
 Beastly Appendage        Tmut           2%         N/A       100%        1
 Lesser Beckoning         Tloc           2%         N/A       100%        2
 Momentum Strike          Conj/Tloc      8%         3d8       100%        2
 Wereblood                Tmut           1%         N/A       100%        2
 Gell's Gravitas          Tloc           1%         N/A       100%        3
 Hailstorm                Conj/Ice       4%         3d4       100%        3
 Spider Form              Tmut/Pois      1%         N/A       100%        3
 Teleport Other           Tloc           1%         N/A       100%        3


Dungeon Overview and Level Annotations

Branches:
Dungeon (4/15) Zot: 21026   Sewer (visited)
 Temple: D:4-7

Altars:
Sif Muna

Portals:
Ossuary: D:4

Annotations:
D:4 1 transporter, 1 exclusion


Message History

Your Fighting skill increases to level 4! 2 iguanas come into view.
The iguana hisses angrily. x2
As you read the scroll labelled GIENGI UREYROC, it crumbles to dust.
Magic quickly surges around you.
It was a scroll of vulnerability.
As you read the scroll labelled NERCHU IB ZUEZ, it crumbles to dust.
It is a scroll of amnesia.
Really abort (and waste the scroll)? [Y]es or [N]o only, please.
Really abort (and waste the scroll)? [Y]es or [N]o only, please.
Really abort (and waste the scroll)? [Y]es or [N]o only, please.
Really abort (and waste the scroll)? [Y]es or [N]o only, please.
Really abort (and waste the scroll)? [Y]es or [N]o only, please.
Really abort (and waste the scroll)?
Okay, then.
The iguana bites you.
* * * LOW HITPOINT WARNING * * *
You shoot a sling bullet.
The sling bullet hits the mummy but does no damage.
The mummy is severely damaged.
The iguana bites you but does no damage.
You block the mummy's attack.
The iguana bites you but does no damage.
You shoot a sling bullet.
The sling bullet barely misses the mummy.
The iguana bites you but does no damage.
You block the mummy's attack.
The iguana bites you but does no damage.
You shoot a sling bullet. The sling bullet hits the mummy.
The mummy is severely damaged.
The iguana bites you.
* * * LOW HITPOINT WARNING * * *
The mummy hits you.
* * * LOW HITPOINT WARNING * * *
The iguana bites you!
You die...

. .. ... ....
......
.......######
......ll@M..##
......#####..#
......#.####.#
.!.......###.#
#.............##.#
#...........#..#.#
............##...#
...........M###..##
............'∩##..#


You could see a mummy (weak-willed) and 2 iguanas.

Vanquished Creatures
  A kobold brigand (Sewer)
  A jelly (D:4)
  An iguana (D:4)
  Robin (D:3)
  3 adders
  3 river rats
  A worm (D:2)
  A dart slug (D:1)
  An orc (D:3)
  7 endoplasms
  5 giant cockroaches
  16 goblins
  10 hobgoblins
  7 jackals
  9 kobolds
  5 quokkas
  7 ball pythons
  7 bats
  2 frilled lizards
  A hobgoblin zombie (D:4)
  An orc zombie (D:4)
  15 rats
105 creatures vanquished.

Vanquished Creatures (others)
  An orc (D:3)
1 creature vanquished.

Grand Total: 106 creatures vanquished

Notes
Turn   | Place    | Note
-------+----------+-------------------------------------------
     0 | D:1      | Twinkles the Hill Orc Reaver began the quest for the Orb.
     0 | D:1      | Reached XP level 1. HP: 18/18 MP: 3/3
   194 | D:1      | Reached XP level 2. HP: 25/25 MP: 4/4
   596 | D:1      | You fall into a shaft and drop 1 floor!
   596 | D:2      | Found a faded altar of an unknown god.
   598 | D:2      | Prayed at the altar of an unknown god.
   598 | D:2      | Became a worshipper of Sif Muna the Loreminder
   598 | D:2      | Reached * piety under Sif Muna
   618 | D:2      | Reached skill level 1 in Armour
   650 | D:2      | Reached XP level 3. HP: 23/30 MP: 5/5
   752 | D:2      | Reached skill level 5 in Axes
   900 | D:2      | Reached skill level 1 in Shields
  1389 | D:2      | Reached XP level 4. HP: 38/38 MP: 6/6
  1577 | D:2      | Reached ** piety under Sif Muna
  2012 | D:3      | Found a glowing drain.
  2016 | Sewer    | Entered a sewer
  2174 | Sewer    | Noticed a kobold brigand
  2209 | Sewer    | Reached XP level 5. HP: 45/45 MP: 7/7
  2428 | Sewer    | HP: 11/45 [kobold brigand/+0 dagger (4)]
  2430 | Sewer    | HP: 4/45 [kobold brigand/+0 dagger (3)]
  2432 | Sewer    | HP: 1/45 [kobold brigand/+0 dagger (4)]
  2433 | Sewer    | Killed a kobold brigand
  2434 | Sewer    | Reached skill level 6 in Axes
  2434 | Sewer    | Reached skill level 1 in Invocations
  2634 | Sewer    | Found a white marble altar of Elyvilon.
  2981 | D:3      | Noticed Robin
  3001 | D:3      | Killed Robin
  3008 | D:3      | Reached XP level 6. HP: 39/52 MP: 8/8
  3323 | D:4      | Found a transporter.
  3432 | D:4      | Reached *** piety under Sif Muna
  3489 | D:4      | Found a sand-covered staircase.
  3510 | D:4      | HP: 13/52 [iguana (6)]
  3523 | D:4      | HP: 10/52 [iguana (1)]
  3526 | D:4      | Slain by an iguana

Illustrated notes

Levels and vault maps discovered:
D:1:      spicycebolla_arrival_clurvy, layout_basic,
          minmay_misc_feat_secret_circle, st_stairs_2
D:2:      layout_rooms, serial_glass, glass_columns_a, glass_columns_c,
          item_on_display_a, minmay_strange_pillars, due_unseen_surprise,
          item_on_display_a, basic_ecumenical_altar
D:3:      layout_rooms, gup_sewer_entry_spiral, uniq_robin
D:4:      layout_rooms, gammafunk_ghost_stat_death, nicolae_ossuary_entry_giza,
          uniq_pargi

Skill      XL: |  1  2  3  4  5  6 |
---------------+-------------------+-----
Armour         | 1 2 |  2.5
Fighting       | 3 4 |  4.0
Axes           | 5 6 |  6.5
Shields        | 1 2 |  2.2
Invocations    | 1 2 |  2.2
Dodging        | |  1.5
Spellcasting   | |  1.5
Conjurations   | |  3.0

Action                     |  1- 3 |  4- 6 || total
---------------------------+-------+-------++-------
  Melee: Hand axe          |   125 |   229 ||   354
   Fire: Sling             |       |    53 ||    53
  Throw: Dart              |       |     2 ||     2
    Use: Scroll            |       |     9 ||     9
         Potion            |       |     1 ||     1
 Armour: Leather armour    |     6 |       ||     6
         Ring mail         |    40 |    55 ||    95
         Chain mail        |       |    55 ||    55
  Dodge: Dodged            |    57 |    77 ||   134
  Block: Kite shield       |    23 |   101 ||   124

Table legend: (Time is in decaauts)
 A = Elapsed time spent in this place.
 B = Non-inter-level travel time spent in this place.
 C = Inter-level travel time spent in this place.
 D = Time resting spent in this place.
 E = Time spent auto-exploring this place.
 F = Levels seen in this place.
 G = Mean time per level.
                   A        B        C        D        E       F      G
               +--------+--------+--------+--------+--------+-----+--------+
         Total |   3814 |   3542 |    272 |    196 |   2116 |   5 |  762.8 |
       Dungeon |   2971 |   2699 |    272 |     87 |   1783 |   4 |  742.8 |
         Sewer |    843 |    843 |      0 |    109 |    333 |   1 |  843.0 |
               +--------+--------+--------+--------+--------+-----+--------+

Top non-repeatable levels by time:
     D:1: 1056 daAuts
     D:3: 936 daAuts
   Sewer: 843 daAuts
     D:2: 759 daAuts
     D:4: 219 daAuts
